 Dungeon Crawl Stone Soup version 0.30-a0-719-gcc4359ea44 (webtiles) character file.

Game seed: 10855820316784854489

35 Arximoufas the Cutter (level 3, 27/27 HPs)
             Began as a Demonspawn Warper on Jan 26, 2023.
             Quit the game on level 1 of the Dungeon.
             The game lasted 00:01:42 (833 turns).

Arximoufas the Cutter (Demonspawn Warper)            Turns: 833, Time: 00:01:42

Health: 27/27      AC:  5    Str: 13    XL:     3   Next: 16%
Magic:  6/6        EV: 11    Int: 14    God:
Gold:   7          SH:  0    Dex: 12    Spells: 6/6 levels left

rFire   . . .      SeeInvis .    a - +0 short sword
rCold   . . .      Faith    .    (no shield)
rNeg    . . .      Spirit   .    b - +0 leather armour
rPois   .          Reflect  .    (no helmet)
rElec   .          Harm     .    (no cloak)
rCorr   .          Rampage  .    (no gloves)
Will    .....                    (no boots)
Stlth   +                        (no amulet)
HPRegen 0.24/turn                (no ring)
MPRegen 0.10/turn                (no ring)

@: no status effects
A: hooves 1, thin metallic scales 1
a: no special abilities


You were on level 1 of the Dungeon.
You visited 1 branch of the dungeon, and saw 1 of its levels.

You collected 7 gold pieces.

Inventory:

Hand Weapons
 a - a +0 short sword (weapon)
Missiles
 d - 7 boomerangs of dispersal (quivered)
Armour
 b - a +0 leather armour (worn)
Jewellery
 j - a ring of resist corrosion
Scrolls
 c - a scroll of blinking
 e - a scroll of teleportation {unknown}
 f - a scroll of enchant armour {unknown}
 g - a scroll of identify {unknown}
 h - a scroll of magic mapping {unknown}
 l - a scroll of fear {unknown}
 n - a scroll of noise {unknown}
Potions
 i - a potion of magic {unknown}
 k - a potion of curing {unknown}
 m - a potion of flight {unknown}


   Skills:
 - Level 2.0 Fighting
 * Level 2.9 Short Blades
 - Level 0.8 Throwing
 - Level 0.8 Armour
 - Level 1.7 Dodging
 + Level 1.3 Stealth
 - Level 2.0 Spellcasting
 - Level 2.6 Translocations


You had 6 spell levels left.
You didn't know any spells.
Your spell library contained the following spells:

 Spells                   Type           Power      Damage    Failure   Level
 Blink                    Tloc           16%        N/A       16%         2
 Lesser Beckoning         Tloc           16%        N/A       16%         2
 Sandblast                Erth           2%         2d4       30%         1
 Teleport Other           Tloc           8%         N/A       30%         3
 Passwall                 Tmut/Erth      0%         N/A       41%         2
 Vhi's Electric Charge    Tloc/Air       10%        N/A       45%         3
 Stone Arrow              Conj/Erth      2%         3d7       65%         3
 Manifold Assault         Tloc           8%         N/A       69%         4


Dungeon Overview and Level Annotations

Branches:
Dungeon (1/15)

Altars:


Innate Abilities, Weirdness & Mutations

You have large cloven feet.
You are partially covered in thin metallic scales. (AC +2)


Message History

You barely miss the rat. You kick the rat.
The rat is moderately wounded.
The giant cockroach bites you but does no damage.
The ball python bites you but does no damage.
The ball python grabs you. The ball python constricts you.
The rat bites you but does no damage.
You closely miss the ball python. Your kick misses the ball python.
The giant cockroach barely misses you.
The ball python bites you but does no damage.
The ball python constricts you.
You closely miss the ball python. Your kick misses the ball python.
The giant cockroach barely misses you. The rat bites you.
The ball python barely misses you. The ball python constricts you.
You closely miss the ball python. Your kick misses the ball python.
The giant cockroach bites you. The rat closely misses you.
The ball python closely misses you. The ball python constricts you.
You hit the ball python but do no damage.
Your kick misses the ball python. The giant cockroach closely misses you.
The rat bites you.
The ball python bites you but does no damage.
The ball python constricts you.
You hit the ball python. You kick the ball python.
You kill the ball python!
The giant cockroach bites you but does no damage.
The rat bites you but does no damage.
You hit the rat.
You kill the rat!
The giant cockroach bites you but does no damage.
You hit the giant cockroach.
You kill the giant cockroach!
No target in view!
No target in view!
You see here a ball python corpse.
Found a cloak.
You see here a +0 cloak.
There is a stone staircase leading down here.
There is a stone staircase leading down here.
Done exploring.
Done exploring.
Are you sure you want to abandon this character and quit the game? (Confirm with "yes".)

#..# #######.... #.##
#.......... #.#
###.###......
####.######...##.....(.
#....รท......####.......
#......#...............
##.......########......
#......## #......
#....@## #...... #.....#
#...... #.....# #......
#.....# ####### #.....#
#######


There were no monsters in sight!

Vanquished Creatures
  A dart slug (D:1)
  6 bats (D:1)
  4 endoplasms (D:1)
  2 giant cockroaches (D:1)
  A goblin (D:1)
  3 hobgoblins (D:1)
  4 jackals (D:1)
  A quokka (D:1)
  2 ball pythons (D:1)
  A frilled lizard (D:1)
  A kobold (D:1)
  2 rats (D:1)
28 creatures vanquished.

Notes
Turn   | Place    | Note
-------+----------+-------------------------------------------
     0 | D:1      | Arximoufas the Demonspawn Warper began the quest for the
                  | Orb.
     0 | D:1      | Reached XP level 1. HP: 16/16 MP: 3/3
   182 | D:1      | Gained mutation: You have large cloven feet. [demonic
                  | ancestry]
   182 | D:1      | Reached XP level 2. HP: 20/22 MP: 5/5
   200 | D:1      | Reached skill level 1 in Stealth
   668 | D:1      | Gained mutation: You are partially covered in thin metallic
                  | scales. (AC +2) [demonic ancestry]
   668 | D:1      | Reached XP level 3. HP: 25/27 MP: 6/6
   833 | D:1      | Quit the game

Illustrated notes

Levels and vault maps discovered:
D:1:      eino_arrival_cavern_a, layout_rooms, minmay_tiny_reverse_x

Skill      XL: |  1  2 |
---------------+-------+-----
Short Blades   | 2 |  2.9
Stealth        | 1 |  1.3
Fighting       | |  2.0
Throwing       | |  0.8
Armour         | |  0.8
Dodging        | |  1.7
Spellcasting   | |  2.0
Translocations | |  2.6

Action                     || total
---------------------------++-------
  Melee: Short sword       ||   120
         Punch             ||     2
         Kick              ||    21
 Armour: Leather armour    ||    63
  Dodge: Dodged            ||   102

Table legend: (Time is in decaauts)
 A = Elapsed time spent in this place.
 B = Non-inter-level travel time spent in this place.
 C = Inter-level travel time spent in this place.
 D = Time resting spent in this place.
 E = Time spent auto-exploring this place.
 F = Levels seen in this place.
 G = Mean time per level.
                   A        B        C        D        E       F      G
               +--------+--------+--------+--------+--------+-----+--------+
         Total |    818 |    818 |      0 |    158 |    460 |   1 |  818.0 |
       Dungeon |    818 |    818 |      0 |    158 |    460 |   1 |  818.0 |
               +--------+--------+--------+--------+--------+-----+--------+

Top non-repeatable levels by time:
     D:1: 818 daAuts
